 Dungeon Crawl Stone Soup version 0.24.0-10-g970556be89 (webtiles) character file.

Game seed: 13884458900683924120, levelgen mode: deterministic

46 Arixos the Skirmisher (level 3, -1/29 HPs)
             Began as a Demonspawn Monk on Nov 3, 2019.
             Slain by an adder (3 damage)
             ... on level 5 of the Dungeon.
             The game lasted 00:07:01 (1816 turns).

Arixos the Skirmisher (Demonspawn Monk)             Turns: 1816, Time: 00:07:01

Health: -1/29      AC:  5    Str: 12    XL:     3   Next: 44%
Magic:  1/12       EV: 12    Int: 11    God:
Gold:   78         SH:  0    Dex: 12    Spells: 1/2 levels left

rFire    . . .     SeeInvis .   f - -3 short sword (curse)
rCold    . . .     Gourm    .   (no shield)
rNeg     . . .     Faith    .   h - +0 leather armour
rPois    .         Spirit   .   (no helmet)
rElec    .         Reflect  .   (no cloak)
rCorr    .         Harm     .   (no gloves)
MR       .....                  (no boots)
Stlth    ++........             e - amulet of regeneration
HPRegen  0.49/turn              p - -3 ring of dexterity (curse)
MPRegen  0.13/turn              q - ring of magical power

@: slightly contaminated
A: icy blue scales 1
a: no special abilities


You were on level 5 of the Dungeon.
You were hungry.

You visited 1 branch of the dungeon, and saw 4 of its levels.

You collected 78 gold pieces.

Inventory:

Hand Weapons
 f - a cursed -3 short sword (weapon)
Missiles
 g - 26 poisoned darts (quivered)
Armour
 a - a +0 robe
 h - a +0 leather armour (worn)
Jewellery
 e - an amulet of regeneration (around neck)
 p - a cursed -3 ring of dexterity (left hand)
 q - a ring of magical power (right hand)
Scrolls
 d - 9 scrolls of identify
 j - a scroll of magic mapping
 l - 2 scrolls of fog
 o - a scroll of fear
 t - a scroll of enchant weapon {unknown}
Potions
 c - a potion of lignification
 i - a potion of invisibility {unknown}
 k - 2 potions of curing {unknown}
 m - a potion of brilliance {unknown}
 n - a potion of degeneration {unknown}
 s - a potion of mutation {unknown}
Comestibles
 b - 4 rations
 r - 5 chunks of flesh


   Skills:
 + Level 3.5 Fighting
 + Level 1.3 Armour
 + Level 3.2 Dodging
 - Level 1.7 Stealth
 - Level 2.6 Unarmed Combat
 * Level 0.0 Spellcasting
 * Level 0.1 Conjurations


You had one spell level left.
You knew the following spells:

 Your Spells              Type           Power        Failure   Level  Hunger
a - Magic Dart            Conj           #...         41%         1    ##.....

Your spell library contained the following spells:

 Spells                   Type           Power        Failure   Level  Hunger
 Blink                    Tloc           N/A          56%         2    ###....
 Call Imp                 Summ           #.......     56%         2    ###....
 Slow                     Hex            #.......     56%         2    ###....
 Conjure Flame            Conj/Fire      #.......     78%         3    ####...
 Mephitic Cloud           Conj/Pois/Air  #.......     80%         3    ####...


Dungeon Overview and Level Annotations

Branches:
Dungeon (3/15)

Altars:


Innate Abilities, Weirdness & Mutations

You are partially covered in icy blue scales. (AC +2)


Message History

The worker ant is moderately wounded.
The worker ant completely misses you. The adder barely misses you.
You hit the worker ant but do no damage.
The worker ant is moderately wounded.
The worker ant bites you.
* * * LOW HITPOINT WARNING * * *
The adder bites you.
* * * LOW HITPOINT WARNING * * *
A gnoll comes into view.
You hit the worker ant.
The worker ant is heavily wounded.
The worker ant barely misses you. The adder bites you.
* * * LOW HITPOINT WARNING * * *
The worker ant closely misses you.
A gnoll comes into view. It is wielding a +0 halberd.
The adder bites you but does no damage.
You closely miss the worker ant.
The worker ant is heavily wounded.
The adder bites you.
You die...

### ###.########
######...@.......
#.......Sa.......
.................
.................
..............g..
................g
.................
.................
............(..


You could see a worker ant, 2 gnolls and an adder.

Vanquished Creatures
  An adder (D:3)
  A worm (D:2)
  2 dart slugs
  5 bats
  4 giant cockroaches
  2 goblins
  5 hobgoblins
  2 kobolds
  A quokka (D:2)
  A frilled lizard (D:1)
  3 rats
27 creatures vanquished.

Notes
Turn   | Place    | Note
-------+----------+-------------------------------------------
     0 | D:1      | Arixos the Demonspawn Monk began the quest for the Orb.
     0 | D:1      | Reached XP level 1. HP: 18/18 MP: 1/1
   361 | D:1      | Gained mutation: You are partially covered in icy blue
                  | scales. (AC +2) [demonic ancestry]
   361 | D:1      | Reached XP level 2. HP: 24/24 MP: 2/2
   831 | D:2      | Reached skill level 1 in Armour
  1321 | D:2      | Reached XP level 3. HP: 29/29 MP: 3/3
  1595 | D:3      | Learned a level 1 spell: Magic Dart
  1797 | D:3      | You fall into a shaft and drop 2 floors!
  1797 | D:5      | Entered Level 5 of the Dungeon
  1815 | D:5      | HP: 1/29 [adder (3)]
  1816 | D:5      | Slain by an adder

Levels and vault maps discovered:
D:1:      mushboom_english_gardens, layout_basic
D:2:      layout_loops_ring, bh_walls_and_bars, uniq_crazy_yiuf_cottage
D:3:      layout_basic, eat_drink_and_be_merry_uskayaw,
          lemuel_coloured_pillars_altar,
          chequers_temple_overflow_statue_of_worship
D:5:      layout_layer_cave, overflow_temple_1_default,
          nicolae_overflow_hidden_temple, tgw_sif, basic_altar

Skill      XL: |  1  2 |
---------------+-------+-----
Armour         | 1 |  1.3
Dodging        | 3 |  3.2
Fighting       | |  3.5
Stealth        | |  1.7
Unarmed Combat | |  2.6
Conjurations   | |  0.1

Action                   || total
-------------------------++-------
Melee: Short sword       ||   259
       Unarmed           ||     8
       Punch             ||     1
 Cast: Magic Dart        ||    14
  Use: Scroll            ||     6
 Stab: Sleeping          ||     2
  Eat: Chunk             ||     4
Armor: Leather armour    ||    77
       Robe              ||     9
Dodge: Dodged            ||   203
